 Dungeon Crawl Stone Soup version 0.20.1-1-g8b1a95d66d (webtiles) character file.

287 NixNut the Slasher (level 6, 0/47 HPs)
             Began as a Barachi Fighter on Dec 29, 2017.
             Succumbed to Sigmund's poison
             ... on level 2 of the Dungeon.
             The game lasted 00:07:47 (1640 turns).

NixNut the Slasher (Barachi Fighter)                Turns: 1640, Time: 00:07:48

Health: 0/47       AC:  8    Str: 25    XL:     6   Next: 30%
Magic:  6/6        EV:  8    Int:  8    God:
Gold:   106        SH: 14    Dex: 11    Spells: 5/5 levels left

rFire    . . .     SeeInvis .   a - +0 long sword
rCold    . . .     Gourm    .   c - +0 shield
rNeg     . . .     Faith    .   b - +0 scale mail
rPois    .         Spirit   .   (no helmet)
rElec    .         Reflect  +   (no cloak)
rCorr    .         Harm     .   p - +0 pair of gloves
MR       .....                  (no boots)
Stlth    ..........             i - +4 amulet of reflection
Regen    0.2/turn               (no ring)
MPRegen  0.1/turn               (no ring)

@: mighty, lethally poisoned (0 -> -8), slow
A: +LOS, swims, slowness 1, strong legs 1
a: Hop


You were on level 2 of the Dungeon.
You were very full.

You visited 1 branch of the dungeon, and saw 2 of its levels.

You collected 106 gold pieces.

Inventory:

Hand Weapons
 a - a +0 long sword (weapon)
 r - a +1 scythe of venom
Armour
 b - a +0 scale mail (worn)
 c - a +0 shield (worn)
 p - a +0 pair of gloves (worn)
Jewellery
 i - a +4 amulet of reflection (around neck)
Scrolls
 e - 2 scrolls of remove curse {unknown}
 h - 4 scrolls of identify
 j - 2 scrolls of blinking {unknown}
 l - 6 scrolls of recharging {unknown}
 n - a scroll of fear {unknown}
 o - a scroll of magic mapping {unknown}
Potions
 d - a potion of might
 k - a potion of resistance {unknown}
 q - a potion of heal wounds {unknown}
Comestibles
 f - 2 bread rations
 g - 3 meat rations
 m - a royal jelly


   Skills:
 - Level 3.6 Fighting
 + Level 5.7 Long Blades
 - Level 3.6 Armour
 + Level 5.7 Shields


You had 5 spell levels left.
You didn't know any spells.

Dungeon Overview and Level Annotations

Branches:
Dungeon (2/15)

Altars:
Zin


Innate Abilities, Weirdness & Mutations

Shadows flee at your approach. (+LOS)
You can swim through water.
You cover ground slowly.
You can hop short distances.


Message History

* * * LOW HITPOINT WARNING * * *
You feel sick.
* * * LOW HITPOINT WARNING * * *
You feel sick.
* * * LOW HITPOINT WARNING * * *
You feel sick.
* * * LOW HITPOINT WARNING * * *
You feel sick.
* * * LOW HITPOINT WARNING * * *
You feel sick.
* * * LOW HITPOINT WARNING * * *
You feel sick.
Things that are here:
a scythe of venom; a robe
r - a scythe of venom
* * * LOW HITPOINT WARNING * * *
You feel sick.
You can't wield that with a shield.
There is a lethal amount of poison in your body!
You die...

#.# #####.......>.
#.#
####.............
#.#
#......#......###
#@# #.##...#.####.#
# #.#
#.##(..#.####.###
#.#
#................
#.#
#..........######
#.#######.......)..#
#.##....@..).....#.#
#.##.####.##...#...#
#....# #.##...#.#.#
###### #.####.#.#.#
#####.# #.#.#.######
#.....#
##†#.#.......
#.#####
#..........## #.#
#..#.#....... #.#
###......######


There were no monsters in sight!

Vanquished Creatures
  Sigmund (D:2)
  Terence (D:2)
  4 gnolls (D:2)
  An adder (D:2)
  An ooze (D:1)
  A worm (D:2)
  A dart slug (D:2)
  A leopard gecko (D:1)
  5 bats
  4 giant cockroaches
  4 goblins
  A hobgoblin (D:2)
  2 jackals (D:2)
  A quokka (D:2)
  2 ball pythons (D:1)
  4 frilled lizards
  5 kobolds
  3 rats
42 creatures vanquished.

Notes
Turn   | Place    | Note
-------+----------+-------------------------------------------
     0 | D:1      | NixNut the Barachi Fighter began the quest for the Orb.
     0 | D:1      | Reached XP level 1. HP: 18/18 MP: 1/1
   325 | D:1      | Reached XP level 2. HP: 23/24 MP: 2/2
   754 | D:2      | Reached XP level 3. HP: 29/29 MP: 3/3
   770 | D:2      | Found a glowing silver altar of Zin.
  1002 | D:2      | Noticed Terence
  1011 | D:2      | Killed Terence
  1011 | D:2      | Reached XP level 4. HP: 20/36 MP: 4/4
  1331 | D:2      | Reached XP level 5. HP: 30/41 MP: 5/5
  1601 | D:2      | Noticed Sigmund
  1627 | D:2      | Killed Sigmund
  1627 | D:2      | Reached skill level 5 in Long Blades
  1627 | D:2      | Reached skill level 5 in Shields
  1627 | D:2      | Reached XP level 6. HP: 19/47 MP: 6/6
  1637 | D:2      | HP: 2/47 [poisoned by Sigmund]
  1640 | D:2      | Succumbed to Sigmund's poison

Skill      XL: |  1  2  3  4  5 |
---------------+----------------+-----
Long Blades    | 3 4 5 |  5.7
Shields        | 4 5 |  5.7
Fighting       | |  3.6
Armour         | |  3.6

Action                   |  1- 3 |  4- 6 || total
-------------------------+-------+-------++-------
Melee: Long sword        |   112 |    53 ||   165
  Use: Scroll            |       |     1 ||     1
       Potion            |       |     1 ||     1
  Eat: Bread ration      |     1 |       ||     1
       Meat ration       |       |     1 ||     1
Armor: Scale mail        |    49 |    10 ||    59
Dodge: Dodged            |    36 |    12 ||    48
Block: Shield            |   110 |    31 ||   141
       Reflection        |     1 |       ||     1
       Rpst.: Long sword |    13 |     2 ||    15
